 Dungeon Crawl Stone Soup version 0.29.1-15-g9cfb28693d (webtiles) character file.

Game seed: 5329251262830777102

43 person50605 the Poker (level 3, -5/27 HPs)
             Began as a Demonspawn Gladiator on Mar 14, 2023.
             Was a Priest of Lugonu.
             Killed by nerve-wracking pain
             ... invoked by a shadow imp
              (12 damage)
             ... on level 3 of the Dungeon.
             The game lasted 00:16:12 (1574 turns).

person50605 the Poker (Demonspawn Gladiator)        Turns: 1574, Time: 00:16:14

Health: -5/27      AC:  7    Str: 16    XL:     3   Next: 37%
Magic:  3/3        EV: 12    Int:  9    God:    Lugonu [***...]
Gold:   75         SH:  0    Dex: 14    Spells: 2/2 levels left

rFire   . . .      SeeInvis .   a - +0 trident
rCold   . . .      Faith    .   (no shield)
rNeg    . . .      Spirit   .   b - +0 leather armour
rPois   .          Reflect  .   c - +0 helmet
rElec   .          Harm     .   j - +1 cloak {Stlth+}
rCorr   .          Rampage  .   (no gloves)
Will    .....                   (no boots)
Stlth   ++........              (no amulet)
HPRegen 0.09/turn               (no ring)
MPRegen 0.08/turn               (no ring)

@: about to teleport
A: rugged brown scales 1, foul stench 1
a: Renounce Religion, Depart the Abyss, Bend Space, Banish


You were on level 3 of the Dungeon.
You worshipped Lugonu.
Lugonu was most pleased with you.
You visited 1 branch of the dungeon, and saw 3 of its levels.

You collected 75 gold pieces.

Inventory:

Hand Weapons
 a - a +0 trident (weapon)
Missiles
 d - 4 throwing nets (quivered)
 e - a javelin
 f - 22 stones
 n - 7 large rocks
 q - 4 poisoned darts
 s - 5 atropa-tipped darts
Armour
 b - a +0 leather armour (worn)
 c - a +0 helmet (worn)
 j - a +1 cloak of stealth (worn)
 o - an orb of wrath
Scrolls
 g - a scroll of blinking
 p - 2 scrolls of identify {unknown}
 t - a scroll of fog {unknown}
Potions
 h - a potion of haste {unknown}
 k - a potion of ambrosia {unknown}
 l - a potion of lignification {unknown}
 m - a potion of degeneration {unknown}
 r - a potion of berserk rage {unknown}


   Skills:
 + Level 2.2 Fighting
 + Level 3.3 Polearms
 + Level 1.8 Throwing
 + Level 0.3 Armour
 + Level 3.0 Dodging
 + Level 0.2 Stealth
 * Level 0.2 Invocations
 * Level 0.8 Evocations


You had 2 spell levels left.
You didn't know any spells.
Your spell library contained the following spells:

 Spells                   Type           Power      Damage    Failure   Level
 Magic Dart               Conj           0%         1d3       45%         1
 Call Imp                 Summ           0%         N/A       58%         2
 Mephitic Cloud           Conj/Pois/Air  0%         N/A       83%         3


Dungeon Overview and Level Annotations

Branches:
Dungeon (3/15)

Altars:
Lugonu


Innate Abilities, Weirdness & Mutations

You are partially covered in rugged brown scales. (AC +1, +3% HP)
You may rarely emit foul miasma when damaged in melee.


Message History

The bat moves out of view.
Found 8 stones.
Reach: a) +0 trident
Press: ? - help, Dir - move target, f - shadow imp
Aim: a shadow imp (about 45% to evade your +0 trident)
You reach to attack!
You closely miss the shadow imp. The shadow imp gestures at you.
Pain shoots through your body!
Reach: a) +0 trident
Press: ? - help, Dir - move target, f/p - shadow imp
Aim: a shadow imp (about 45% to evade your +0 trident)
You reach to attack!
You barely miss the shadow imp. The shadow imp gestures at you.
Pain shoots through your body!
* * * LOW HITPOINT WARNING * * *
Blink to where?
Press: ? - help, Dir - move target, p - shadow imp
Okay, then.
Blink to where?
Press: ? - help, Dir - move target, p - shadow imp An orc and a goblin come into view.
As you read the scroll of blinking, it crumbles to dust.
The goblin shouts!
The orc shouts!
As you read the scroll of teleportation, it crumbles to dust.
You feel strangely unstable.
Reach: a) +0 trident
Press: ? - help, Dir - move target, f - goblin
Aim: a goblin, wielding a +0 club (about 49% to evade your +0 trident)
You reach to attack!
You closely miss the goblin. You hit the goblin.
You kill the goblin!
Lugonu accepts your kill.
Reach: a) +0 trident
Press: ? - help, Dir - move target, f - shadow imp
Aim: a shadow imp (about 45% to evade your +0 trident)
You reach to attack!
You hit the shadow imp.
The shadow imp is heavily wounded.
The shadow imp gestures at you. Pain shoots through your body!
You die...

.............#
...........#
#.........#
#........#######
#..............###
#................#
#.##....5........#
#.# #............#
#.# #.(..@)....#
#. #.##
#.........## #.
#..# ##...o..###
#. ##.# #...##..#
#. #.# #..<. ...
#. #.# #.... #...
#.###)###.... .###
.###..##.#...# .
.#
.......#.>.#...#


You could see a shadow imp and an orc.

Vanquished Creatures
  2 endoplasms
  A giant cockroach (D:1)
  4 goblins
  2 hobgoblins
  4 jackals (D:2)
  2 quokkas
  5 ball pythons
  5 bats
  6 frilled lizards
  5 kobolds
  7 rats
43 creatures vanquished.

Vanquished Creatures (others)
  7 toadstools (D:1)
7 creatures vanquished.

Grand Total: 50 creatures vanquished

Notes
Turn   | Place    | Note
-------+----------+-------------------------------------------
     0 | D:1      | person50605 the Demonspawn Gladiator began the quest for
                  | the Orb.
     0 | D:1      | Reached XP level 1. HP: 16/16 MP: 1/1
    98 | D:1      | Found a faded altar of an unknown god.
   127 | D:1      | Prayed at the altar of an unknown god.
   127 | D:1      | Became a worshipper of Lugonu the Unformed
   127 | D:1      | Reached * piety under Lugonu
   127 | D:1      | Reached ** piety under Lugonu
   254 | D:1      | Gained mutation: You are partially covered in rugged brown
                  | scales. (AC +1, +3% HP) [demonic ancestry]
   254 | D:1      | Reached XP level 2. HP: 11/22 MP: 2/2
  1087 | D:2      | Gained mutation: You may rarely emit foul miasma when
                  | damaged in melee. [demonic ancestry]
  1087 | D:2      | Reached XP level 3. HP: 26/27 MP: 3/3
  1353 | D:2      | Reached *** piety under Lugonu
  1574 | D:3      | Killed from afar by a shadow imp

Illustrated notes

Levels and vault maps discovered:
D:1:      nagdon_arrival_double_spiral, layout_loops_ring,
          nicolae_ecumenical_lake_church
D:2:      layout_basic, minmay_misc_feat_enclosed
D:3:      layout_rooms, gammafunk_ghost_cemetery

Skill      XL: |  1  2 |
---------------+-------+-----
Polearms       | 3 |  3.3
Dodging        | 3 |  3.0
Fighting       | |  2.2
Throwing       | |  1.8
Armour         | |  0.3
Stealth        | |  0.2
Invocations    | |  0.2
Evocations     | |  0.8

Action                   || total
-------------------------++-------
Melee: Trident           ||   128
       Punch             ||     2
  Use: Scroll            ||     4
 Stab: Sleeping          ||     3
Armor: Leather armour    ||    36
Dodge: Dodged            ||    85
